Map: Acropolis EC

Players

IA (très facile) - Winner!

  • Race: Terran Terran
  • Spawn Location: 11:00

Nadiejda

  • Race: Terran Terran
  • Spawn Location: 5:00

VOD

Have the link to the VOD?

Description

Time

  • Played on: March 27, 2021, 11:47 a.m.
  • Length: 9:32
Show
View Real Time Build Order
Export as new Build Order

IA (très facile) Terran - Winner!

Build Orders:  

Get SALT Encoding   

  12  0:00  SCV  
  13  0:13  SCV  
  14  0:18  Supply Depot  
  14  0:37  Refinery  
  14  0:42  Barracks  
  14  1:03  Supply Depot  
  14  1:10  Refinery  
  14  1:28  Orbital Command  
  14  1:29  Marine  
  15  1:54  SCV  
  16  2:04  Marine  
  16  2:06  SCV  
  18  2:18  SCV  
  19  2:30  SCV  
  20  2:39  Marine  
  20  2:42  SCV  
  22  2:54  SCV  
  23  5:57  SCV, Marine  
  23  5:59  Supply Depot  
  23  6:02  Factory  
  25  6:21  SCV  
  25  6:23  Supply Depot  
  26  6:28  Barracks Tech Lab  
  26  6:33  Command Center, SCV  
  24  6:45  SCV  
  27  6:47  Marauder  
  27  6:48  Starport  
  27  6:57  SCV  
  28  7:09  SCV  
  29  7:18  Marine  
  30  7:24  Starport Tech Lab  
  30  7:44  Raven  
  30  7:46  SCV  
  30  7:49  Marine, Refinery  
  34  7:53  SCV  
  34  7:56  Refinery  
  35  8:01  SCV  
  36  8:08  SCV  
  37  8:15  SCV  
  38  8:21  Marine  
  38  8:23  SCV  
  40  8:27  Raven  
  40  8:30  SCV  
  43  8:37  SCV  
  44  8:44  SCV  
  45  8:51  SCV  
  46  8:58  SCV  
  47  9:06  SCV  
  48  9:13  SCV  
Show
View Real Time Build Order
Export as new Build Order

Nadiejda Terran 

Build Orders: Reaper Expand 

Get SALT Encoding   

  12  0:02  SCV  
  13  0:14  SCV  
  13  0:17  Supply Depot  
  14  0:26  SCV  
  15  0:39  SCV  
  15  0:41  Barracks  
  16  0:45  Refinery  
  16  0:51  SCV  
  17  1:03  SCV  
  18  1:15  SCV  
  19  1:28  Orbital Command  
  19  1:29  Reaper  
  20  1:42  Command Center  
  20  1:53  Supply Depot  
  20  1:55  SCV  
  21  2:05  Factory  
  21  2:07  SCV  
  22  2:18  Bunker  
  22  2:20  SCV  
  23  2:27  Refinery, Barracks Reactor  
  23  2:32  SCV  
  24  2:44  SCV  
  25  2:56  Starport, SCV  
  26  2:59  Orbital Command  
  26  3:05  Factory Tech Lab  
  26  3:06  Marine x2  
  26  3:08  SCV  
  29  3:20  SCV  
  29  3:23  Cyclone  
  29  3:24  SCV  
  34  3:32  SCV  
  35  3:35  Viking  
  35  3:36  SCV  
  38  3:43  Barracks  
  38  3:44  SCV  
  39  3:49  Marine x2, SCV, Supply Depot  
  42  3:56  SCV  
  42  3:57  Supply Depot  
  42  4:01  SCV  
  44  4:05  Starport Reactor  
  44  4:09  SCV  
  45  4:16  SCV  
  46  4:18  Barracks  
  46  4:20  Refinery  
  46  4:21  SCV, Marine x2  
  49  4:29  SCV  
  49  4:31  Factory Tech Lab, Supply Depot  
  50  4:33  SCV, Supply Depot  
  51  4:41  SCV  
  51  4:44  Engineering Bay  
  51  4:45  SCV  
  53  4:50  Siege Tank  
  53  4:52  Starport Reactor  
  56  4:53  SCV  
  56  4:56  Supply Depot  
  56  4:57  SCV  
  56  4:59  Marine x2  
  60  5:05  SCV, Stimpack  
  61  5:09  SCV  
  62  5:17  SCV, Supply Depot  
  62  5:18  Marine x4  
  62  5:20  Marine  
  68  5:21  SCV  
  68  5:22  Supply Depot  
  68  5:23  Siege Tank  
  68  5:24  Supply Depot  
  68  5:27  Terran Infantry Weapons Level 1  
  72  5:29  Medivac, SCV  
  72  5:33  SCV  
  72  5:35  Medivac  
  78  5:41  SCV  
  79  5:43  Refinery  
  79  5:44  Marine x2  
  79  5:45  Marine x2  
  79  5:49  Supply Depot  
  83  5:51  Supply Depot  
  83  5:52  SCV  
  83  5:53  SCV  
  83  5:55  Siege Tank  
  88  5:57  Marine  
  88  6:02  Marine x3  
  88  6:03  Marine  
  93  6:05  SCV x2  
  93  6:10  Medivac  
  97  6:15  Marine  
  98  6:20  Marine x3  
  98  6:21  Command Center  
  98  6:22  Engineering Bay  
  98  6:24  SCV x2, Armory  
  103  6:27  Supply Depot  
  103  6:32  Marine  
  103  6:33  Marine  
  103  6:36  SCV x2  
  103  6:39  Marine  
  107  6:40  Siege Tank, Marine  
  107  6:42  Medivac  
  114  6:48  SCV  
  114  6:52  SCV, Combat Shield  
  116  7:00  SCV  
  117  7:03  Marine  
  117  7:04  SCV, Marine x3  
  122  7:10  Medivac  
  122  7:12  SCV  
  125  7:16  SCV  
  125  7:17  Barracks  
  125  7:19  Barracks  
  125  7:21  Terran Infantry Armor Level 1  
  126  7:24  SCV  
  126  7:25  Supply Depot  
  126  7:27  Supply Depot x2  
  126  7:28  SCV  
  128  7:33  Marine x4  
  132  7:45  SCV  
  132  7:46  SCV  
  132  7:50  Siege Tank  
  67  7:51  Medivac  
  137  7:54  Medivac  
  137  7:57  SCV  
  137  7:58  SCV  
  143  8:09  SCV  
  143  8:10  SCV  
  145  8:12  Marine  
  145  8:16  Marine x3  
  145  8:17  Marine  
  150  8:20  Barracks Reactor  
  150  8:22  Siege Tank  
  150  8:24  SCV x3  
  156  8:29  Barracks Reactor  
  156  8:30  Marine  
  156  8:32  Refinery  
  156  8:34  Marine x4, Refinery  
  157  8:35  Viking  
  157  8:36  Medivac, SCV x2  
  167  8:47  Barracks x2  
  167  8:48  Marine, Missile Turret  
  167  8:50  Missile Turret  
  167  8:52  Marine, Missile Turret  
  167  8:53  Marine  
  167  8:54  Marine x2  
  172  8:56  Orbital Command  
  172  8:59  Reaper  
Tags
 
Matchup
TvT
Race
Terran
Spawn Locations
Cross Positions
Add a new tag
Caveats
  • Supply blocks, unpowered buildings, or Contaminate may cause inaccurate times.
  • Supply counts are checked every 10 seconds.